 Dungeon Crawl Stone Soup version 0.31.0-9-g3a7656b989 (webtiles) character file.

Game seed: 11857409120842402863

20 qw the Shooter (level 2, -2/16 HPs)
             Began as a Deep Elf Hunter on Feb 2, 2024.
             Slain by a goblin
             ... wielding a +0 club
             ... led by Robin
              (4 damage)
             ... on level 2 of the Dungeon.
             The game lasted 00:00:02 (630 turns).

qw the Shooter (Deep Elf Hunter)                     Turns: 630, Time: 00:00:03

Health: -2/16      AC:  3    Str:  8    XL:     2   Next: 58%
Magic:  4/4        EV: 12    Int: 13    God:
Gold:   76         SH:  0    Dex: 18    Spells: 1/1 levels left

rFire   . . .        a - +0 shortbow
rCold   . . .        (shield currently unavailable)
rNeg    . . .        c - +0 leather armour
rPois   .            (no helmet)
rElec   .            (no cloak)
rCorr   .            (no gloves)
SInv    .            (no boots)
Will    .....        (no amulet)
Stlth   ++           (no ring)
HPRegen 0.22/turn    (no ring)
MPRegen 0.09/turn

%: no passive effects
@: no status effects
A: no striking features
a: no special abilities


You were on level 2 of the Dungeon.
You visited 1 branch of the dungeon, and saw 2 of its levels.

You collected 76 gold pieces.


   Skills:
 - Level 1.5 Fighting
 + Level 6.3 Ranged Weapons
 - Level 2.4 Dodging
 - Level 1.2 Stealth


You had one spell level left.
You didn't know any spells.
Your spell library was empty.

Inventory:

Hand Weapons
 a - a +0 shortbow (weapon)
Armour
 b - a +0 scale mail
 c - a +0 leather armour (worn)
Potions
 e - a potion of enlightenment {unknown}
 i - a potion of resistance

Dungeon Overview and Level Annotations

Branches:
Dungeon (2/15)

Altars:

Annotations:
D:2 Robin


Message History

Robin of the Strong Arm comes into view.
They are wielding a +0 club.
You shoot an arrow. The arrow hits the goblin!
You kill the goblin!
Robin throws the goblin at you! The goblin hits you with a +0 club.
You shoot an arrow. The arrow barely misses the goblin.
A hobgoblin comes into view.
Robin roars a battlecry!
The goblins go into a battle-frenzy!
A hobgoblin comes into view.
The goblin barely misses you.
You hear a shout!
622 ||| RETREEEEATING.
The goblin hits you with a +0 club.
623 ||| RETREEEEATING.
Robin throws the goblin at you! The goblin closely misses you. x2
624 ||| DRINKING potion of heal wounds.
You feel much better. The goblin hits you with a +0 club.
The goblin misses you.
A hobgoblin comes into view.
625 ||| RETREEEEATING.
The goblin attacks as it pursues you! The goblin hits you with a +0 club.
The goblin misses you.
626 ||| RETREEEEATING.
You shoot an arrow. The arrow hits the goblin!
You kill the goblin!
You shoot an arrow. The arrow hits the goblin.
The goblin is heavily wounded.
A goblin comes into view. It is wielding a +0 club.
A ball python comes into view.
The goblin barely misses you.
You shoot an arrow. The arrow barely misses the goblin.
The goblin shouts!
The ball python hisses angrily.
The arrow hits the goblin.
You kill the goblin!
The goblin hits you with a +0 club.
You shoot an arrow. The arrow completely misses the goblin.
The arrow barely misses the hobgoblin.
The goblin hits you with a +0 club.
A goblin comes into view. It is wielding a +0 dagger of flaming.
The goblin hits you with a +0 club.
You die...

#.# #.# #.# #.# #.#
#.##### #.# #....>#
#.########.# .###
#..........# ...
#.#.######.###.#
#.#.# #.g...#
######.#.# #@#..##
#........######g#..#
#.#####..#.....gg..#
#..#.#.###g.=# ##.
#......# #g.S# ...#
#....### #...#
...#####....#####...#
.................!g)#
............####...##


You could see 3 hobgoblins, 4 goblins and a ball python.

Vanquished Creatures
  A bat (D:1)
  An endoplasm (D:1)
  A giant cockroach (D:1)
  3 hobgoblins
  2 kobolds (D:1)
  2 quokkas
  A ball python (D:1)
  5 goblins
16 creatures vanquished.

Notes
Turn   | Place    | Note
-------+----------+-------------------------------------------
     0 | D:1      | qw the Deep Elf Hunter began the quest for the Orb.
     0 | D:1      | Reached XP level 1. HP: 12/12 MP: 3/3
     0 | D:1      | 0 ||| qw: Version: 0.3-a-155-g5e7d8dd
     0 | D:1      | 0 ||| qw: Game counter: 1091
     0 | D:1      | 0 ||| qw: Melee chars always use a shield: true
     0 | D:1      | 0 ||| qw: God list: Okawaru
     0 | D:1      | 0 ||| qw: Allow faded altars: false
     0 | D:1      | 0 ||| qw: Do Orc after clearing Dungeon:15 true
     0 | D:1      | 0 ||| qw: Do second Lair branch before Depths: true
     0 | D:1      | 0 ||| qw: Lair rune preference: random
     0 | D:1      | 0 ||| qw: Goals: Normal
     0 | D:1      | 0 ||| PLANNING D:1-11
   213 | D:1      | Reached skill level 6 in Ranged Weapons
   213 | D:1      | Reached XP level 2. HP: 16/16 MP: 4/4
   527 | D:1      | 527 ||| READING scroll labelled LEOZXE SUMIMM.
   527 | D:1      | 527 ||| ENCHANTING +0 shortbow.
   528 | D:1      | 528 ||| READING scroll labelled RAPASOE FYONKI.
   529 | D:1      | 529 ||| READING scroll labelled GORY KUHITOFUTS.
   529 | D:1      | 529 ||| IDENTIFYING fuming clear potion
   530 | D:1      | 530 ||| READING scroll labelled BONIAS BEREKH.
   533 | D:1      | 533 ||| DRINKING 2 blue potions.
   534 | D:1      | 534 ||| DROPPING scroll of butterflies.
   619 | D:2      | Noticed Robin
   622 | D:2      | 622 ||| RETREEEEATING.
   623 | D:2      | 623 ||| RETREEEEATING.
   623 | D:2      | HP: 4/16 [Robin/goblin (2)]
   624 | D:2      | 624 ||| DRINKING potion of heal wounds.
   625 | D:2      | 625 ||| RETREEEEATING.
   626 | D:2      | 626 ||| RETREEEEATING.
   630 | D:2      | HP: 2/16 [goblin/+0 club[Robin] (5)]
   630 | D:2      | Slain by a goblin

Levels and vault maps discovered:
D:1:      eino_arrival_cavern_a, layout_basic
D:2:      layout_loops_ring, uniq_robin

Skill      XL: |  1 |
---------------+----+-----
Ranged Weapons | 6 |  6.3
Fighting       | |  1.5
Dodging        | |  2.4
Stealth        | |  1.2

Action                     || total
---------------------------++-------
   Fire: Shortbow          ||    46
    Use: Scroll            ||     4
         Potion            ||     2
 Armour: Leather armour    ||    12
  Dodge: Dodged            ||    10

Table legend:
 A = Non-vault XP
 B = Vault XP
 C = Vault XP percentage of total XP
 D = Non-vault monster count
 E = Vault monster count
 F = Vault count percentage of total count
                 A         B        C        D         E       F
            +---------+---------+-------+---------+---------+-------
      Total |      21 |       8 |  27.6 |      12 |       4 |  25.0
            +---------+---------+-------+---------+---------+-------
        D:1 |      19 |       0 |   0.0 |      11 |       0 |   0.0
        D:2 |       2 |       8 |  80.0 |       1 |       4 |  80.0
            +---------+---------+-------+---------+---------+-------
